 Dungeon Crawl Stone Soup version 0.21.0-24-g2553a33 (webtiles) character file.

112 pstr the Digger (level 4, -5/36 HPs)
             Began as a Naga Earth Elementalist on Jan 20, 2018.
             Slain by a gnoll
             ... wielding a +0 halberd
              (10 damage)
             ... on level 4 of the Dungeon.
             The game lasted 00:05:47 (2384 turns).

pstr the Digger (Naga Earth Elementalist)           Turns: 2384, Time: 00:05:47

Health: -5/36      AC:  7    Str: 14 (15) XL:     4   Next: 93%
Magic:  2/8        EV:  8    Int: 15 (17) God:
Gold:   88         SH:  0    Dex: 11      Spells: 5/9 levels left

rFire    + . .     SeeInvis +   u - +0 dagger (holy)
rCold    + . .     Gourm    .   (no shield)
rNeg     . . .     Faith    .   c - +0 robe
rPois    +         Spirit   .   (no helmet)
rElec    +         Reflect  .   (no cloak)
rCorr    +         Harm     .   (no gloves)
MR       .....                  t - +1 naga barding
Stlth    ++........             (no amulet)
HPRegen  0.12/turn              (no ring)
MPRegen  0.11/turn              (no ring)

@: mighty, resistant, flying, very slightly contaminated, very slow
A: large, see invisible, deformed body, poison resistance, slowness 2, slow
metabolism 1, spit poison 1, AC +1
a: Spit Poison


You were on level 4 of the Dungeon.
You were not hungry.

You visited 1 branch of the dungeon, and saw 4 of its levels.

You collected 88 gold pieces.

Inventory:

Hand Weapons
 u - a +0 dagger of holy wrath (weapon)
Missiles
 a - 49 arrows
 b - 57 stones (quivered)
Armour
 c - a +0 robe (worn)
 l - a +0 leather armour
 t - a +1 naga barding (worn)
Jewellery
 h - an uncursed amulet of faith {unknown}
Scrolls
 g - a scroll of identify
 i - a scroll of enchant weapon {unknown}
 j - 2 scrolls of blinking {unknown}
 o - a scroll of amnesia {unknown}
 q - a scroll of fog {unknown}
 r - a scroll of fear {unknown}
 w - a scroll of noise {unknown}
Potions
 k - a potion of flight
 s - a potion of might
Books
 e - a book of Geomancy

   Spells                             Type                      Level
   a - Sandblast                      Earth                        1
   b - Passwall                       Transmutation/Earth          2
   c - Stone Arrow                    Conjuration/Earth            3
   d - Petrify                        Transmutation/Earth          4
   e - Lee's Rapid Deconstruction     Earth                        5
Comestibles
 d - 4 rations
 f - 5 chunks of flesh


   Skills:
 + Level 0.2 Fighting
 + Level 1.8 Dodging
 + Level 3.1 Stealth
 + Level 3.2 Spellcasting
 + Level 1.1 Conjurations
   Level 1.0 Transmutations
 + Level 4.1 Earth Magic


You had 5 spell levels left.
You knew the following spells:

 Your Spells              Type           Power        Failure   Level  Hunger
a - Sandblast             Erth           ##....       3%          1    #......
b - Stone Arrow           Conj/Erth      ##....       21%         3    ###....


Dungeon Overview and Level Annotations

Branches:
Dungeon (4/15)
 Temple: D:4-7

Altars:
Ashenzari

Annotations:
D:4 Pawles22's ghost, amateur CeHu


Innate Abilities, Weirdness & Mutations

You cannot wear boots.
Your serpentine skin is tough. (AC +1)
You have supernaturally acute eyesight. (SInv)
Armour fits poorly on your strangely shaped body.
Your system is resistant to poisons. (rPois)
You cover ground very slowly.
You have a slow metabolism.
You can spit poison.


Message History

You puncture the gnoll!
You kill the gnoll!
Your Conjurations skill increases to level 1!
The jackal skeleton bites you but does no damage.
You puncture the gnoll!
You kill the gnoll!
You feel your dexterity returning.
The jackal skeleton bites you but does no damage.
The gnoll hits you from afar with a halberd.
* * * LOW HITPOINT WARNING * * *
You barely miss the jackal skeleton. The jackal skeleton closely misses you.
The gnoll barely misses you.
The jackal barks!
You hit the jackal skeleton.
The jackal skeleton convulses.
The jackal skeleton is heavily damaged.
The jackal skeleton completely misses you.
You puncture the jackal skeleton!
You destroy the jackal skeleton!
The gnoll hits you from afar with a halberd!
You die...

## .# # ###
.#####.#.. ##
.#...#.#h# ..
.........#
.###.###...h/..#(#
................(#
#...@)g.....#.#
#####........##
.....#.. ..#.####
#.#.# .. .## ..


You could see a gnoll and a jackal.

Vanquished Creatures
  4 adders
  2 gnolls (D:4)
  An ooze (D:1)
  3 worms (D:2)
  A dart slug (D:1)
  6 bats
  A giant cockroach (D:2)
  3 goblins
  6 hobgoblins
  3 jackals (D:4)
  A quokka (D:2)
  A ball python (D:2)
  A frilled lizard (D:2)
  A jackal skeleton (D:4)
  5 kobolds
  4 rats
43 creatures vanquished.

Notes
Turn   | Place    | Note
-------+----------+-------------------------------------------
     0 | D:1      | pstr the Naga Earth Elementalist began the quest for the Orb.
     0 | D:1      | Reached XP level 1. HP: 15/15 MP: 3/3
   247 | D:1      | Reached XP level 2. HP: 21/22 MP: 0/5
   941 | D:2      | Reached XP level 3. HP: 25/28 MP: 3/6
  1205 | D:2      | Learned a level 3 spell: Stone Arrow
  1576 | D:2      | Reached XP level 4. HP: 36/36 MP: 1/8
  1883 | D:2      | Found a shattered altar of Ashenzari.
  2259 | D:4      | Reached skill level 4 in Earth Magic
  2350 | D:4      | Noticed Pawles22's ghost (amateur CeHu)
  2380 | D:4      | Reached skill level 1 in Conjurations
  2384 | D:4      | Slain by a gnoll

Skill      XL: |  1  2  3  4 |
---------------+-------------+-----
Earth Magic    | 4 |  4.1
Spellcasting   | 3 |  3.2
Conjurations   | 1 |  1.1
Fighting       | |  0.2
Dodging        | |  1.8
Stealth        | |  3.1
Transmutations | |  1.0

Action                   |  1- 3 |  4- 6 || total
-------------------------+-------+-------++-------
Melee: Dagger            |       |    10 ||    10
 Cast: Sandblast         |    40 |    11 ||    51
       Stone Arrow       |     6 |     8 ||    14
 Abil: Spit Poison       |     1 |     4 ||     5
  Use: Potion            |       |     5 ||     5
       Scroll            |       |     3 ||     3
  Eat: Chunk             |     2 |     4 ||     6
Armor: Robe              |     4 |    18 ||    22
Dodge: Dodged            |    12 |    15 ||    27
